 Dungeon Crawl Stone Soup version 0.30-a0-718-geaa24f58ff (webtiles) character file.

Game seed: 13826853414639821562

772 Newt the Skirmisher (level 8, -5/49 HPs)
             Began as a Kobold Hunter on Jan 25, 2023.
             Slain by Edmund
             ... wielding a +5 dire flail of holy wrath
              (10 damage)
             ... on level 4 of the Dungeon.
             The game lasted 00:03:34 (3598 turns).

Newt the Skirmisher (Kobold Hunter)                 Turns: 3598, Time: 00:03:35

Health: -5/49      AC:  5    Str:  8    XL:     8   Next: 9%
Magic:  8/8        EV: 17    Int: 11    God:
Gold:   256        SH:  0    Dex: 20    Spells: 7/7 levels left

rFire   . . .      SeeInvis .    e - +4 shortbow (flame)
rCold   . . .      Faith    .    (shield currently unavailable)
rNeg    . . .      Spirit   .    c - +0 leather armour
rPois   .          Reflect  .    (no helmet)
rElec   .          Harm     .    u - +0 cloak
rCorr   +          Rampage  .    (no gloves)
Will    .....                    j - +0 pair of boots
Stlth   +++                      (no amulet)
HPRegen 0.28/turn                i - ring of resist corrosion
MPRegen 0.11/turn                (no ring)

@: mighty
A: small, no large weapons, nightstalker 3
a: no special abilities


You were on level 4 of the Dungeon.
You visited 1 branch of the dungeon, and saw 4 of its levels.

You collected 256 gold pieces.

Inventory:

Hand Weapons
 a - a +0 shortbow
 e - a +4 shortbow of flaming (weapon)
Armour
 c - a +0 leather armour (worn)
 j - a +0 pair of boots (worn)
 l - a scarf of invisibility
 u - a +0 cloak (worn)
Jewellery
 i - a ring of resist corrosion (left hand)
Wands
 h - a wand of flame (15)
Scrolls
 b - a scroll of immolation
 d - a scroll of magic mapping
 o - a scroll of noise {unknown}
 p - a scroll of brand weapon {unknown}
 q - a scroll of teleportation
 r - a scroll of fog {unknown}
 t - a scroll of enchant armour {unknown}
Potions
 f - 2 potions of cancellation
 g - a potion of berserk rage
 k - 2 potions of lignification
Miscellaneous
 s - a piece from Xom's chessboard (15/15)


   Skills:
 + Level 5.3 Fighting
 - Level 9.0 Ranged Weapons
 - Level 6.0 Dodging
 - Level 1.3 Stealth


You had 7 spell levels left.
You didn't know any spells.
Your spell library contained the following spells:

 Spells                   Type           Power      Damage    Failure   Level
 Inner Flame              Hex/Fire       0%         N/A       83%         3
 Tukima's Dance           Hex            0%         N/A       83%         3
 Cause Fear               Hex            0%         N/A       99%         4
 Passage of Golubria      Tloc           0%         N/A       99%         4
 Summon Ice Beast         Ice/Summ       0%         N/A       99%         4
 Summon Mana Viper        Hex/Summ       0%         N/A       100%        5
 Yara's Violent Unravell  Hex/Tmut       0%         3d3       100%        5
 Monstrous Menagerie      Summ           0%         N/A       100%        7
 Discord                  Hex            0%         N/A       100%        8


Dungeon Overview and Level Annotations

Branches:
Dungeon (4/15)
 Temple: D:4-7

Altars:
Xom

Shops:
D:4 [

Annotations:
D:4 Edmund


Innate Abilities, Weirdness & Mutations

You are small and have problems with some larger weapons.
You are completely attuned to the shadows.


Message History

Your endoplasm dies!
Your endoplasm dissolves into shadows!
Edmund closely misses your hobgoblin.
Your hobgoblin closely misses Edmund.
Something barely misses your hobgoblin.
Your hobgoblin hits Edmund. Edmund misses your hobgoblin.
Your hobgoblin closely misses Edmund.
You feel very mighty all of a sudden.
Edmund hits your hobgoblin with a +5 dire flail of holy wrath!
Your hobgoblin dies!
Your hobgoblin's corpse dissolves into shadows!
Fire: e) +4 shortbow (flame)
Press: ? - help, Q - select action, (/) - cycle Shift-Dir - straight line, f/p - Edmund
Aim: Edmund, wielding a +5 dire flail of holy wrath and wearing a +0 scale mail (heavily wounded, unusually resistant, 74% to hit)
You shoot an arrow.
The arrow hits Edmund but does no damage.
Edmund is heavily wounded.
Fire: e) +4 shortbow (flame)
Press: ? - help, Q - select action, (/) - cycle Shift-Dir - straight line, f/p - Edmund
Aim: Edmund, wielding a +5 dire flail of holy wrath and wearing a +0 scale mail (heavily wounded, unusually resistant, 74% to hit)
You shoot an arrow. The arrow hits Edmund!
Edmund is severely wounded.
Fire: e) +4 shortbow (flame)
Press: ? - help, Q - select action, (/) - cycle Shift-Dir - straight line, f/p - Edmund
Aim: Edmund, wielding a +5 dire flail of holy wrath and wearing a +0 scale mail (severely wounded, unusually resistant, 74% to hit)
You shoot an arrow. The arrow barely misses Edmund.
The arrow hits the orc!
The arrow burns the orc.
You kill the orc!
Fire: e) +4 shortbow (flame)
Press: ? - help, Q - select action, (/) - cycle Shift-Dir - straight line, f/p - Edmund
Aim: Edmund, wielding a +5 dire flail of holy wrath and wearing a +0 scale mail (severely wounded, unusually resistant, 74% to hit)
You shoot an arrow. The arrow hits Edmund!
Edmund is almost dead.
Edmund hits you with a +5 dire flail of holy wrath!
* * * LOW HITPOINT WARNING * * *
Fire: e) +4 shortbow (flame)
Press: ? - help, Q - select action, (/) - cycle Shift-Dir - straight line, f/p - Edmund
Aim: Edmund, wielding a +5 dire flail of holy wrath and wearing a +0 scale mail (almost dead, unusually resistant, 74% to hit)
You shoot an arrow. The arrow barely misses Edmund.
Edmund hits you with a +5 dire flail of holy wrath!
You die...

########## #.. #........# #..
#........# #.. #........#
###.#############........#####
....))@)))..@@................
###...#######.###........#####
o.>o.# #.# #........# ......#
#.####.####### ...####
#.#....###########
#.#.[.............
#.################
#.................
######...#########


You could see Edmund (resistant).

Vanquished Creatures
  Grinder (D:3)
  Sigmund (D:2)
  Eustachio (D:4)
  An orc priest (D:4)
  Crazy Yiuf (D:3)
  Jessica (D:3)
  Natasha (thrice) (D:3)
  Terence (D:3)
  2 adders
  A worm (D:3)
  3 orcs (D:4)
  8 ball pythons
  8 endoplasms
  3 giant cockroaches
  8 goblins
  6 hobgoblins
  2 jackals (D:1)
  4 kobolds (D:1)
  6 quokkas
  5 bats
  3 frilled lizards
  8 rats
  A butterfly (D:3)
78 creatures vanquished.

Notes
Turn   | Place    | Note
-------+----------+-------------------------------------------
     0 | D:1      | Newt the Kobold Hunter began the quest for the Orb.
     0 | D:1      | Reached XP level 1. HP: 12/12 MP: 1/1
   223 | D:1      | Reached XP level 2. HP: 18/18 MP: 2/2
   582 | D:1      | Reached XP level 3. HP: 23/23 MP: 3/3
  1132 | D:2      | Identified a scroll of acquirement
  1132 | D:2      | Acquired a +3 shortbow of flaming
  1251 | D:2      | Noticed Sigmund
  1550 | D:2      | Killed Sigmund
  1551 | D:2      | Reached skill level 5 in Fighting
  1551 | D:2      | Reached skill level 7 in Ranged Weapons
  1551 | D:2      | Reached XP level 4. HP: 31/31 MP: 4/4
  1551 | D:2      | Reached XP level 5. HP: 35/35 MP: 5/5
  1551 | D:2      | Reached XP level 6. HP: 40/40 MP: 6/6
  2081 | D:3      | Noticed Jessica
  2085 | D:3      | Killed Jessica
  2264 | D:3      | Noticed Terence
  2268 | D:3      | Killed Terence
  2269 | D:3      | Reached skill level 8 in Ranged Weapons
  2272 | D:3      | Found a shimmering altar of Xom.
  2505 | D:3      | Found a faded altar of an unknown god.
  2571 | D:3      | Found a runed translucent door.
  2574 | D:3      | Noticed Crazy Yiuf
  2657 | D:3      | Noticed Natasha
  2662 | D:3      | Killed Natasha
  2748 | D:3      | Noticed Grinder
  2760 | D:3      | Killed Grinder
  2761 | D:3      | Reached skill level 9 in Ranged Weapons
  2761 | D:3      | Reached XP level 7. HP: 14/44 MP: 7/7
  2766 | D:3      | Noticed Natasha
  2774 | D:3      | Killed Natasha
  3031 | D:3      | Noticed Natasha
  3037 | D:3      | Killed Natasha
  3105 | D:3      | Killed Crazy Yiuf
  3399 | D:4      | Found Simigug's Antique Armour Shop.
  3482 | D:4      | Noticed Eustachio
  3484 | D:4      | Reached skill level 5 in Dodging
  3503 | D:4      | Killed Eustachio
  3504 | D:4      | Reached XP level 8. HP: 31/49 MP: 8/8
  3574 | D:4      | Noticed Edmund
  3598 | D:4      | Slain by Edmund

Illustrated notes

Levels and vault maps discovered:
D:1:      beargit_arrival_greenhouse, layout_loops_corners, dk_noncrumbling_4
D:2:      layout_rooms, uniq_sigmund
D:3:      layout_loops_ring, xom_butterflies,
          shapermc_ecumenical_altar_flowoftime, uniq_terence, uniq_natasha,
          uniq_jessica, uniq_crazy_yiuf_cottage, uniq_grinder
D:4:      layout_basic, pdpol_wu_jian_five_deadly_venoms, old_standard_altar,
          serial_shops, shop, uniq_eustachio, uniq_edmund

Skill      XL: |  1  2  3  4  5  6  7 |
---------------+----------------------+-----
Fighting       | 3 5 |  5.3
Ranged Weapons | 7 9 |  9.0
Dodging        | 3 6 |  6.0
Stealth        | |  1.3

Action                     |  1- 3 |  4- 6 |  7- 9 || total
---------------------------+-------+-------+-------++-------
   Fire: Shortbow          |    80 |    52 |    53 ||   185
    Use: Scroll            |     3 |     3 |     4 ||    10
         Potion            |       |     2 |     2 ||     4
 Armour: Leather armour    |     7 |     2 |     1 ||    10
  Dodge: Dodged            |    41 |     9 |     7 ||    57

Table legend: (Time is in decaauts)
 A = Elapsed time spent in this place.
 B = Non-inter-level travel time spent in this place.
 C = Inter-level travel time spent in this place.
 D = Time resting spent in this place.
 E = Time spent auto-exploring this place.
 F = Levels seen in this place.
 G = Mean time per level.
                   A        B        C        D        E       F      G
               +--------+--------+--------+--------+--------+-----+--------+
         Total |   3640 |   3393 |    247 |    683 |   2285 |   4 |  910.0 |
       Dungeon |   3640 |   3393 |    247 |    683 |   2285 |   4 |  910.0 |
               +--------+--------+--------+--------+--------+-----+--------+

Top non-repeatable levels by time:
     D:3: 1461 daAuts
     D:1: 1410 daAuts
     D:2: 452 daAuts
     D:4: 315 daAuts
